 Dungeon Crawl Stone Soup version 0.30.1-11-g7821555f0a (webtiles) character file.

Game seed: 5897187896336486412

9 comborobin the Sneak (level 1, 0/18 HPs)
             Began as a Demigod Delver on Dec 16, 2023.
             Succumbed to an adder's poison
             ... on level 4 of the Dungeon.
             The game lasted 00:00:21 (69 turns).

comborobin the Sneak (Demigod Delver)                 Turns: 69, Time: 00:00:21

Health: 0/18       AC:  3    Str: 13    XL:     1   Next: 86%
Magic:  3/3        EV: 11    Int: 12    God:
Gold:   11         SH:  0    Dex: 15    Spells: 0/0 levels left

rFire   . . .        a - +0 mace
rCold   . . .        (no shield)
rNeg    . . .        b - +0 leather armour
rPois   .            (no helmet)
rElec   .            (no cloak)
rCorr   .            (no gloves)
SInv    .            (no boots)
Will    .....        (no amulet)
Stlth   +++          (no ring)
HPRegen 0.23/turn    (no ring)
MPRegen 0.08/turn

%: no passive effects
@: lethally poisoned (0 -> -6), hasted, very quick
A: high MP 1, forlorn, divine attributes
a: no special abilities


You were on level 4 of the Dungeon.
You visited 1 branch of the dungeon, and saw 3 of its levels.

You collected 11 gold pieces.

Inventory:

Hand Weapons
 a - a +0 mace (weapon)
Armour
 b - a +0 leather armour (worn)
Wands
 g - a wand of digging (3)
Scrolls
 c - a scroll of fog
 d - a scroll of magic mapping
 e - a scroll of fear
 h - a scroll of teleportation {unknown}


   Skills:
 - Level 2.6 Fighting
 + Level 2.5 Maces & Flails
 - Level 1.7 Dodging
 - Level 4.5 Stealth


You couldn't memorise any spells.
You didn't know any spells.
Your spell library was empty.

Dungeon Overview and Level Annotations

Branches:
Dungeon (6/15)
 Temple: D:4-7


Innate Abilities, Weirdness & Mutations

You have an increased reservoir of magic. (+10% MP)
You shall have no god before yourself.
Your divine heritage dramatically boosts your attributes as you level up.


Message History

You open the door.
Found a scroll labelled HIS QUHONOAGA.
Found an escape hatch in the ceiling.
Found a stone staircase leading up.
There is an open door here.
Found 16 gold pieces.
Found an escape hatch in the floor.
h - a scroll labelled HIS QUHONOAGA
There is a stone staircase leading up here.
You now have 11 gold pieces.
There is a stone staircase leading up here.
You climb upwards.
Found a flail.
There is a stone staircase leading down here.
Unknown command.
Unknown command.
You feel yourself speed up.
You miss the adder. The adder misses you.
You hit the adder but do no damage. The adder bites you.
You miss the adder. The adder misses you.
You hit the adder but do no damage. The adder closely misses you.
You sock the adder!
The adder is severely wounded.
The adder bites you.
You are poisoned.
The adder poisons you!
You hit the adder.
The adder is almost dead.
You feel sick. The adder bites you.
You completely miss the adder.
The adder is almost dead.
You feel sick. The adder bites you but does no damage. The adder bites you.
* * * LOW HITPOINT WARNING * * *
You are more poisoned.
The adder poisons you!
You hit the adder.
You kill the adder!
* * * LOW HITPOINT WARNING * * *
You feel sick.
Your Maces & Flails skill increases to level 2!
You aren't carrying any potions.
You die...

##.#...# ......
#..... # #....##
#.#.....
#....#.########
#####............
..)....@.>.......
.########.#######
.... ##.### #.#
... ..# ...


There were no monsters in sight!

Vanquished Creatures
  An adder (D:4)
1 creature vanquished.

Notes
Turn   | Place    | Note
-------+----------+-------------------------------------------
     0 | D:5      | comborobin the Demigod Delver began the quest for the Orb.
     0 | D:5      | Reached XP level 1. HP: 18/18 MP: 3/3
    69 | D:4      | Succumbed to an adder's poison

Illustrated notes

Levels and vault maps discovered:
D:4:      layout_basic, mainiacjoe_overflow_surrounded_room,
          mainiacjoe_overflow_alcove_1, gammafunk_ghost_abyssal_escape,
          hangedman_decor_opposing
D:5:      layout_basic, tgw_fedhas, nicolae_kikubaaqudgha_miasma_corner,
          serial_co_window_serial, co_window_paths_a, co_window_paths_a,
          co_window_paths_b, co_window_paths_a, co_window_corner_a,
          co_window_paths_a, co_window_of_opportunity_a, co_window_paths_b,
          co_window_paths_b, co_window_unsneaky_path_b, co_window_paths_c,
          co_window_corner_b, co_window_2corner, glass_columns_b,
          minmay_circle_x
D:6:      layout_gridville, lemuel_doored_altar, nzn_hepliaklqana_mist_gate

Skill      XL: |  1 |
---------------+----+-----
Maces & Flails | 2 |  2.5
Fighting       | |  2.6
Dodging        | |  1.7
Stealth        | |  4.5

Action                     || total
---------------------------++-------
  Melee: Mace              ||     8
    Use: Potion            ||     1
 Armour: Leather armour    ||     1
  Dodge: Dodged            ||     3
